Map: Catallena LE (Void)

Players

Yata - Winner!

  • Race: Zerg Zerg
  • League: Platinum
  • Spawn Location: 5:00

VOD

Have the link to the VOD?

Description

Time

  • Played on: Sept. 30, 2017, 7:42 p.m.
  • Length: 20:17
Show
View Real Time Build Order
Export as new Build Order

Yata Zerg - Winner!

Build Orders: Pool First 

Get SALT Encoding   

  2  0:14  Drone x4  
  2  0:15  Drone x2  
  2  0:25  Overlord  
  2  0:40  Drone x2  
  2  0:41  Drone x2  
  2  0:49  Drone x2  
  2  1:01  Spawning Pool  
  2  1:12  Extractor  
  2  1:22  Evolution Chamber  
  2  1:37  Drone x2  
  2  1:40  Drone x2  
  2  1:58  Overlord  
  2  2:18  Zergling x4  
  2  2:19  Zergling x2  
  2  2:26  Hatchery, Unknown  
  2  2:46  Zerg Melee Weapons Level 1  
  2  2:49  Queen  
  2  2:53  Extractor  
  2  2:58  Metabolic Boost  
  2  3:40  Drone x2  
  2  3:41  Drone x4  
  2  3:56  Unknown  
  2  4:01  Roach Warren  
  2  4:10  Zergling x2  
  2  4:12  Unknown  
  2  5:07  Drone x4  
  2  5:08  Drone x4  
  2  5:09  Drone x2  
  2  5:13  Extractor  
  2  5:14  Drone x2  
  2  5:15  Drone x4  
  2  5:16  Extractor  
  2  5:37  Queen  
  2  5:41  Roach x2  
  2  5:42  Roach x10  
  2  6:20  Hatchery, Unknown  
  2  6:38  Hatchery, Unknown  
  2  6:57  Zerg Missile Weapons Level 1  
  2  7:30  Unknown x2  
  2  7:31  Unknown x12  
  2  7:33  Unknown x2  
  2  7:50  Unknown  
  2  8:08  Unknown  
  2  8:12  Lair  
  2  8:18  Queen  
  2  8:19  Queen  
  2  8:34  Unknown  
  2  9:21  Drone x2  
  2  9:25  Drone x2  
  2  9:29  Drone x6  
  2  9:30  Drone x6  
  2  9:31  Drone x4  
  2  9:33  Drone x2  
  2  9:34  Drone x6  
  2  9:35  Drone x6  
  2  9:36  Drone x2  
  2  9:37  Zerg Ground Armor Level 1  
  2  10:09  Unknown, Tunneling Claws  
  2  10:37  Infestation Pit  
  2  10:42  Baneling Nest  
  2  10:49  Hydralisk Den  
  2  10:53  Spire  
  2  11:02  Unknown  
  2  11:07  Unknown  
  2  11:13  Unknown  
  2  11:51  Unknown  
  2  13:47  Unknown  
  2  14:11  Infestor  
  2  14:28  Infestor  
  2  14:54  Mutalisk x7  
  2  14:55  Mutalisk x20  
  2  14:56  Mutalisk x8  
  2  15:17  Unknown x4  
  2  15:18  Unknown x6  
  2  15:38  Unknown  
  2  15:46  Overlord  
  2  15:47  Overlord x16  
  2  15:48  Overlord x20  
  2  15:49  Overlord x6  
  2  15:51  Unknown  
  2  15:54  Unknown  
  2  16:37  Infestor  
  2  17:21  Infestor  
  2  17:35  Infestor  
  2  18:34  Unknown x8  
  2  18:41  Unknown x5  
  2  18:42  Hive  
  2  18:53  Zerg Flyer Weapons Level 1  
  2  19:38  Infestor  
  2  20:00  Unknown  
  2  21:53  Ultralisk Cavern  
  2  22:01  Unknown x24  
  2  22:28  Extractor  
  2  22:31  Extractor, Drone x2  
  2  22:32  Drone x2  
  2  22:33  Extractor  
  2  22:34  Extractor  
  2  22:35  Drone x4  
  2  22:42  Drone x4  
  2  22:44  Adrenal Glands, Viper, Drone x4  
  2  22:45  Viper x3  
  2  22:53  Unknown  
  2  24:33  Unknown  
  2  24:48  Unknown x24  
  2  24:53  Unknown  
  2  24:55  Ultralisk  
  2  24:56  Ultralisk  
  2  25:23  Unknown  
  2  25:38  Unknown x4  
  2  25:52  Unknown x4  
  2  26:03  Unknown  
  2  26:07  Unknown x4  
  2  26:22  Unknown x4  
  2  26:37  Unknown x4  
  2  26:52  Unknown x4  
  2  27:04  Unknown  
  2  27:07  Unknown x4  
  2  27:08  Unknown x8  
  2  27:20  Unknown x8  
  2  27:22  Unknown x4  
  2  27:37  Unknown x4  
Tags
 
Add a new tag
Caveats
  • Supply blocks, unpowered buildings, or Contaminate may cause inaccurate times.
  • Supply counts are checked every 10 seconds.